 Dungeon Crawl Stone Soup version 0.19-b1-4-gd8a0a2a (webtiles) character file.

1827 dohliylev the Covert (level 8, -14/61 HPs)
             Began as a Vampire Assassin on Oct 30, 2016.
             Was a Follower of Dithmenos.
             Demolished by Prince Ribbit (16 damage)
             ... on level 7 of the Dungeon.
             The game lasted 00:42:40 (8872 turns).

dohliylev the Covert (Vampire Assassin)             Turns: 8872, Time: 00:42:41

Health: -14/61     AC:  4    Str: 15    XL:     8   Next: 86%
Magic:  8/8        EV: 15    Int: 14    God:    Dithmenos [*.....]
Gold:   303        SH:  0    Dex: 17    Spells: 0 memorised, 7 levels left

rFire  . . .     SeeInvis +     a - +2 dagger (drain)
rCold  . . .     Gourm    .     c - +0 robe
rNeg   + . .     Faith    .     (no shield)
rPois  .         Spirit   .     k - +0 helmet
rElec  .         Reflect  .     d - +0 cloak
rCorr  .         Harm     .     (no gloves)
MR     .....                    (no boots)
Stlth  +++++.....               (no amulet)
                                (no ring)
                                q - +5 ring of strength

@: lethally poisoned (-14 -> -16), wreathed by umbra
A: fangs 3, see invisible, unbreathing
a: Bat Form, Renounce Religion


You were on level 7 of the Dungeon.
You worshipped Dithmenos.
Dithmenos was aware of your devotion.
You were not thirsty.

You visited 2 branches of the dungeon, and saw 8 of its levels.

You collected 303 gold pieces.

Inventory:

Hand Weapons
 a - a +2 dagger of draining (weapon)
 b - a +0 blowgun
 J - a +2 dagger of electrocution
 N - a +0 long sword of holy wrath
Missiles
 e - 34 poisoned needles
 f - 2 curare-tipped needles
 H - 6 needles of confusion
Armour
 c - a +0 robe (worn)
 d - a +0 cloak (worn)
 k - a +0 helmet (worn)
 I - a +0 leather armour of poison resistance
Jewellery
 q - a +5 ring of strength (left hand)
 E - an uncursed ring of ice {unknown}
Wands
 g - a wand of iceblast (6/15)
 o - a wand of flame (42/48)
Scrolls
 h - 8 scrolls of remove curse {unknown}
 j - 2 scrolls of fog {unknown}
 n - 10 scrolls of identify {unknown}
 p - 3 scrolls of noise {unknown}
 r - 3 scrolls of teleportation {unknown}
 s - 2 scrolls of magic mapping {unknown}
 t - 2 scrolls of enchant armour {unknown}
 u - a scroll of enchant weapon {unknown}
 y - a scroll of blinking {unknown}
 A - 3 scrolls of immolation {unknown}
 D - 2 scrolls of recharging {unknown}
Potions
 i - 2 potions of haste {unknown}
 l - a potion of berserk rage {unknown}
 m - a potion of heal wounds
 v - 3 potions of lignification {unknown}
 x - 2 potions of curing
 z - a potion of cancellation {unknown}
 C - 3 potions of agility {unknown}
 F - a potion of degeneration {unknown}
 G - 10 potions of blood
 K - a potion of resistance {unknown}
 L - a potion of ambrosia {unknown}
 M - a potion of might {unknown}
Books
 w - a book of Air

   Spells                             Type                      Level
   a - Shock                          Conjuration/Air              1
   b - Swiftness                      Charms/Air                   2
   c - Repel Missiles                 Charms/Air                   2
   d - Static Discharge               Conjuration/Air              3
   e - Lightning Bolt                 Conjuration/Air              5
 B - a book of Misfortune

   Spells                             Type                      Level
   a - Confusing Touch                Hexes                        1
   b - Confuse                        Hexes                        3
   c - Gell's Gravitas                Hexes/Translocation          3
   d - Petrify                        Transmutation/Earth          4
   e - Metabolic Englaciation         Hexes/Ice                    5
   f - Yara's Violent Unravelling     Hexes/Transmutation          5


   Skills:
 * Level 4.8 Fighting
 + Level 6.4 Short Blades
 + Level 4.3 Throwing
 + Level 5.0 Dodging
 + Level 10.3 Stealth
 + Level 0.2 Unarmed Combat


You had 7 spell levels left.
You didn't know any spells.

Dungeon Overview and Level Annotations

Branches:
Dungeon (7/15)             Temple (1/1) D:4

Altars:
Ashenzari
Cheibriados
Dithmenos
Elyvilon
Fedhas
Gozag
Hepliaklqana
Kikubaaqudgha
Makhleb
Nemelex Xobeh
Okawaru
Qazlal
Ru
Sif Muna
Trog
Uskayaw
Vehumet
Xom
Yredelemnul
Zin
The Shining One

Shops:
D:6 =

Annotations:
D:3 Lluna's ghost, amateur KoHu
D:7 Dowan; Duvessa; Prince Ribbit


Innate Abilities, Weirdness & Mutations

You have razor-sharp teeth.
You have supernaturally acute eyesight. (SInv)
You can survive without breathing.


Message History

The scorpion stings you.
You are poisoned.
The scorpion poisons you!
Prince Ribbit gives a loud, deep croak!
You hit the scorpion. You drain the scorpion!
You kill the scorpion!
Dithmenos accepts your kill.
You feel sick.
You feel sick.
You fail to use your ability.
You feel sick.
You feel sick.
Prince Ribbit blinks!
You hit Prince Ribbit.
Prince Ribbit is lightly wounded.
Prince Ribbit hits you!!
* * * LOW HITPOINT WARNING * * *
You barely miss Prince Ribbit.
Prince Ribbit is lightly wounded.
Prince Ribbit hits you!
You die...

...# #.# #######.#
........#
##################
#.....F....# ##
#.########ยง# .#
#.# #.# .# #.# #.#
.# #.# #@# .# #.#
#F# .# #.# #.#
.######.# #.#
.'......########.#
.######........#.#
## #.######.#.#
#.# #.#.# #.#
#.#.#


You could see Prince Ribbit.

Vanquished Creatures
  A hippogriff (D:7)
  An ice beast (D:5)
  2 centaurs
  2 big kobolds
  2 bullfrogs
  A wyvern skeleton (D:6)
  A scorpion (D:7)
  5 crimson imps
  A hound (D:7)
  3 orc priests
  7 orc wizards
  2 bullfrog skeletons
  2 iguanas
  Jessica (D:2)
  6 worker ants
  A hound skeleton (D:5)
  3 gnolls (D:4)
  7 adders
  An ooze (D:1)
  2 adder skeletons (D:5)
  3 worms (D:2)
  3 dart slugs
  4 leopard geckos
  23 orcs
  A ball python (D:4)
  9 bats
  6 giant cockroaches
  7 goblins
  10 hobgoblins
  4 jackals
  4 quokkas
  8 frilled lizards
  18 kobolds
  4 rats
155 creatures vanquished.

Vanquished Creatures (others)
  A plant (D:6)
1 creature vanquished.

Grand Total: 156 creatures vanquished

Notes
Turn   | Place    | Note
-------+----------+-------------------------------------------
     0 | D:1      | dohliylev the Vampire Assassin began the quest for the Orb.
     0 | D:1      | Reached XP level 1. HP: 16/16 MP: 1/1
    38 | D:1      | Reached skill level 6 in Stealth
   136 | D:1      | Reached XP level 2. HP: 22/22 MP: 2/2
   585 | D:1      | Reached XP level 3. HP: 16/27 MP: 3/3
  1028 | D:2      | Reached skill level 7 in Stealth
  1062 | D:2      | Found a basalt altar of Yredelemnul.
  1133 | D:2      | Noticed Jessica
  1140 | D:2      | Killed Jessica
  1140 | D:2      | Reached XP level 4. HP: 33/33 MP: 4/4
  1337 | D:2      | Found a glowing silver altar of Zin.
  1573 | D:3      | Reached skill level 8 in Stealth
  1573 | D:3      | Reached XP level 5. HP: 28/38 MP: 5/5
  2240 | D:3      | Found a faded altar of an unknown god.
  2242 | D:3      | Noticed Lluna's ghost (amateur KoHu)
  3063 | D:4      | Reached XP level 6. HP: 40/46 MP: 6/6
  3340 | D:4      | Got a bloodstained scale mail
  3351 | D:4      | Identified the +5 scale mail of Disappointment {*Drain rPois SInv Stlth-} (You found it on level 4 of the Dungeon)
  3404 | D:4      | Found a staircase to the Ecumenical Temple.
  3410 | Temple   | Entered the Ecumenical Temple
  3560 | Temple   | Became a worshipper of Dithmenos the Shadowed
  4202 | D:4      | Found a deep blue altar of Sif Muna.
  4249 | D:5      | Entered Level 5 of the Dungeon
  4302 | D:6      | Found Heopra's Jewellery Shoppe.
  4326 | D:5      | HP: 2/46 [centaur (4)]
  4328 | D:5      | Reached skill level 9 in Stealth
  4848 | D:5      | Reached XP level 7. HP: 38/52 MP: 7/7
  5340 | D:5      | Found a burning altar of Makhleb.
  5733 | D:5      | Reached skill level 5 in Short Blades
  6581 | D:6      | Reached skill level 10 in Stealth
  6581 | D:6      | Reached XP level 8. HP: 25/58 MP: 8/8
  6588 | D:5      | Reached * piety under Dithmenos
  6688 | D:6      | Found a hide-covered altar of Uskayaw.
  8062 | D:7      | Noticed Duvessa
  8064 | D:7      | Noticed Dowan
  8299 | D:7      | Noticed a hippogriff
  8318 | D:7      | Killed a hippogriff
  8382 | D:7      | Reached skill level 5 in Dodging
  8541 | D:7      | Noticed Prince Ribbit
  8644 | D:7      | HP: 3/61 [scorpion (6)]
  8871 | D:7      | HP: 2/61 [Prince Ribbit (18)]
  8872 | D:7      | Demolished by Prince Ribbit

Skill      XL: |  1  2  3  4  5  6  7  8 |
---------------+-------------------------+-----
Stealth        | 6 7 8 9 10 | 10.3
Fighting       | 2 3 4 |  4.8
Short Blades   | 3 4 5 6 |  6.4
Throwing       | 2 3 4 |  4.3
Dodging        | 2 3 5 |  5.0
Unarmed Combat | |  0.2

Action                   |  1- 3 |  4- 6 |  7- 9 || total
-------------------------+-------+-------+-------++-------
Melee: Dagger            |    79 |   240 |   388 ||   707
       Bite              |     4 |    23 |    44 ||    71
       Unarmed           |       |     1 |       ||     1
 Fire: Blowgun           |       |    48 |    51 ||    99
 Abil: End Transformatio |       |     3 |     3 ||     6
       Bat Form          |       |     3 |     3 ||     6
  Use: Potion            |       |       |     9 ||     9
 Stab: Sleeping          |    18 |    16 |    12 ||    46
       Distracted        |       |     1 |       ||     1
  Eat: Corpse            |     2 |     5 |     2 ||     9
Armor: Robe              |    12 |    52 |    53 ||   117
Dodge: Dodged            |    34 |   147 |   207 ||   388
